 Dungeon Crawl Stone Soup version 0.30-a0-622-gddc90eaa04 (webtiles) character file.

Game seed: 11695563597807694675

77 testman the Insei (level 4, 0/34 HPs)
             Began as a Gnoll Wanderer on Jan 10, 2023.
             Was a High Priest of Ignis.
             Killed from afar by a white imp (10 damage)
             ... with a puff of frost
             ... on level 3 of the Dungeon.
             The game lasted 00:07:35 (1959 turns).

testman the Insei (Gnoll Wanderer)                  Turns: 1959, Time: 00:07:36

Health: 0/34       AC:  4    Str:  8    XL:     4   Next: 34%
Magic:  6/8        EV: 11    Int: 23    God:    Ignis [*****.]
Gold:   123        SH:  0    Dex: 11    Spells: 8/9 levels left

rFire   + . .      SeeInvis .    a - +0 dagger
rCold   . . .      Faith    .    (no shield)
rNeg    . . .      Spirit   .    e - +0 robe
rPois   .          Reflect  .    (no helmet)
rElec   .          Harm     .    j - +0 cloak
rCorr   .          Rampage  .    (no gloves)
Will    .....                    c - +0 pair of boots
Stlth   +++                      (no amulet)
HPRegen 0.25/turn                u - +6 ring of intelligence
MPRegen 0.11/turn                (no ring)

@: no status effects
A: fangs 1, strong nose, distributed training
a: Renounce Religion, Fiery Armour, Foxfire Swarm, Rising Flame


You were on level 3 of the Dungeon.
You worshipped Ignis.
Ignis was extremely pleased with you.
You visited 1 branch of the dungeon, and saw 3 of its levels.

You collected 123 gold pieces.

Inventory:

Hand Weapons
 a - a +0 dagger (weapon)
 l - a +0 long sword
Missiles
 k - 5 datura-tipped darts
Armour
 c - a +0 pair of boots (worn)
 e - a +0 robe (worn)
 j - a +0 cloak (worn)
Jewellery
 u - a +6 ring of intelligence (left hand)
Scrolls
 b - a scroll of blinking
 g - a scroll of fear {unknown}
 o - a scroll of immolation {unknown}
 p - 2 scrolls of noise {unknown}
 q - a scroll of teleportation {unknown}
 r - a scroll of poison {unknown}
 s - a scroll of identify {unknown}
 t - a scroll of amnesia {unknown}
Potions
 d - a potion of might
 f - a potion of heal wounds
 h - a potion of brilliance {unknown}
 i - a potion of mutation {unknown}
 m - a potion of flight {unknown}
 n - a potion of resistance {unknown}
 v - a potion of attraction {unknown}
 w - a potion of degeneration {unknown}


   Skills:
 + Level 2.7 Fighting
 + Level 1.1 Short Blades
 + Level 1.1 Long Blades
 + Level 1.1 Axes
 + Level 1.1 Maces & Flails
 + Level 1.1 Polearms
 + Level 1.1 Staves
 + Level 1.1 Ranged Weapons
 + Level 1.1 Throwing
 + Level 1.1 Armour
 + Level 1.1 Dodging
 + Level 6.0 Stealth
 + Level 1.1 Shields
 + Level 6.6 Unarmed Combat
 + Level 3.0 Spellcasting
 + Level 2.2 Conjurations
 + Level 0.9 Hexes
 + Level 0.9 Summonings
 + Level 0.9 Necromancy
 + Level 0.9 Translocations
 + Level 0.9 Transmutations
 + Level 0.9 Fire Magic
 + Level 0.9 Ice Magic
 + Level 0.9 Air Magic
 + Level 0.9 Earth Magic
 + Level 0.9 Poison Magic
 + Level 1.2 Invocations
 + Level 2.7 Evocations


You had 8 spell levels left.
You knew the following spells:

 Your Spells              Type           Power      Damage    Failure   Level
a - Foxfire               Conj/Fire      40%        2x1d6     6%          1

Your spell library contained the following spells:

 Spells                   Type           Power      Damage    Failure   Level
 Necrotise                Necr           28%        1d5       8%          1
 Stone Arrow              Conj/Erth      20%        3d8       19%         3
 Portal Projectile        Hex/Tloc       14%        N/A       24%         3
 Tukima's Dance           Hex            7%         N/A       24%         3
 Vampiric Draining        Necr           7%         2d6       24%         3
 Agony                    Necr           7%         N/A       91%         5
 Blade Hands              Tmut           3%         N/A       91%         5


Dungeon Overview and Level Annotations

Branches:
Dungeon (3/15)

Altars:
Ignis


Innate Abilities, Weirdness & Mutations

You have very sharp teeth.
Your uncanny sense of smell can sniff out nearby items.
Your experience applies equally to all skills.


Message History

Okay, then.
Okay, then.
A white imp comes into view.
The white imp shouts, "Quit, thou mammering clapper-clawed whip-jack!"
You hit the white imp but do no damage. The white imp completely misses you.
You hit the white imp but do no damage. Your punch misses the white imp.
The white imp barely misses you.
You hit the white imp but do no damage. The white imp gestures at you.
The puff of frost hits you.
Casting: Foxfire (safe; 6% risk of failure)
Press: ? - help, Q - select action, (/) - cycle Dir - look around, f - activate You conjure some foxfire!
The white imp gestures at you. The puff of frost hits you!
You hit the white imp.
The white imp is moderately wounded.
The foxfire hits the white imp.
The white imp is burned terribly!
The white imp is severely wounded.
The white imp completely misses you.
You closely miss the white imp.
You bite the white imp, but do no damage.
The white imp is severely wounded.
The white imp closely misses you.
You hit the white imp but do no damage.
You punch the white imp, but do no damage.
The white imp is severely wounded.
The white imp hits you. The white imp freezes you.
You hit the white imp but do no damage.
The white imp is severely wounded.
The white imp gestures at you. The puff of frost hits you!
* * * LOW HITPOINT WARNING * * *
You are too injured to fight recklessly!
Casting: Foxfire (safe; 6% risk of failure)
Press: ? - help, Q - select action, (/) - cycle Dir - look around, f - activate You conjure some foxfire!
The white imp gestures at you. The puff of frost hits you!
You die...

# #.######
#......####
#.........####
...##
######.......#
#...#
#.......#.##.###
#[..#
#.#####.#.##...#
#...#
#.###v#.####.##
#...# ∆
#...5@#.#
#..###...#
#.#####.#
##..##...#
#.######.##...#
#.#...........#
#.#...........##
#...........#.
∆#.........###.
#######..## #. ∆
##..# #.


You could see a white imp (ally target).

Vanquished Creatures
  Terence (D:3)
  An adder (D:2)
  2 worms
  An orc (D:3)
  5 ball pythons
  2 endoplasms
  A giant cockroach (D:2)
  4 hobgoblins
  3 jackals (D:1)
  2 bats
  5 frilled lizards
  5 goblins
  4 kobolds
  4 rats
40 creatures vanquished.

Vanquished Creatures (others)
  47 foxfires
47 creatures vanquished.

Grand Total: 87 creatures vanquished

Notes
Turn   | Place    | Note
-------+----------+-------------------------------------------
     0 | D:1      | testman the Gnoll Wanderer began the quest for the Orb.
     0 | D:1      | testman set off with the following items: a +0 dagger, a
                  | scroll of blinking, a +0 pair of boots, a potion of might,
                  | a +0 robe, a potion of heal wounds; and the following spell
                  | memorised: Foxfire; and the following spells available to
                  | memorise: Stone Arrow.
     0 | D:1      | Reached XP level 1. HP: 17/17 MP: 4/4
   155 | D:1      | Reached XP level 2. HP: 23/23 MP: 5/5
   868 | D:2      | Reached XP level 3. HP: 28/28 MP: 7/7
   886 | D:2      | Found a faded altar of an unknown god.
   893 | D:2      | Prayed at the altar of an unknown god.
   893 | D:2      | Became a worshipper of Ignis, the Dying Flame
  1254 | D:2      | Reached skill level 1 in Invocations
  1479 | D:2      | Reached skill level 1 in Short Blades
  1479 | D:2      | Reached skill level 1 in Long Blades
  1479 | D:2      | Reached skill level 1 in Axes
  1479 | D:2      | Reached skill level 1 in Maces & Flails
  1479 | D:2      | Reached skill level 1 in Polearms
  1479 | D:2      | Reached skill level 1 in Staves
  1479 | D:2      | Reached skill level 1 in Ranged Weapons
  1479 | D:2      | Reached skill level 1 in Throwing
  1479 | D:2      | Reached skill level 1 in Armour
  1479 | D:2      | Reached skill level 1 in Dodging
  1479 | D:2      | Reached skill level 1 in Shields
  1711 | D:3      | Noticed Terence
  1756 | D:3      | Killed Terence
  1757 | D:3      | Reached XP level 4. HP: 15/34 MP: 1/8
  1959 | D:3      | Killed from afar by a white imp

Illustrated notes

Levels and vault maps discovered:
D:1:      sevenhm_arrival_forest_fort_large_4, layout_loops_ring
D:2:      minmay_angry_zag, layout_loops_cross,
          hellmonk_ecumenical_altar_leap_of_faith
D:3:      layout_basic, serial_corexii_hall, corexii_hall_statues_u,
          corexii_hall_statues_x, uniq_terence

Skill      XL: |  1  2  3 |
---------------+----------+-----
Conjurations   | 2 |  2.2
Stealth        | 6 |  6.0
Invocations    | 1 |  1.2
Short Blades   | 1 |  1.1
Long Blades    | 1 |  1.1
Axes           | 1 |  1.1
Maces & Flails | 1 |  1.1
Polearms       | 1 |  1.1
Staves         | 1 |  1.1
Ranged Weapons | 1 |  1.1
Throwing       | 1 |  1.1
Armour         | 1 |  1.1
Dodging        | 1 |  1.1
Shields        | 1 |  1.1
Spellcasting   | 3 |  3.0
Fighting       | |  2.7
Unarmed Combat | |  6.6
Hexes          | |  0.9
Summonings     | |  0.9
Necromancy     | |  0.9
Translocations | |  0.9
Transmutations | |  0.9
Fire Magic     | |  0.9
Ice Magic      | |  0.9
Air Magic      | |  0.9
Earth Magic    | |  0.9
Poison Magic   | |  0.9
Evocations     | |  2.7

Action                   |  1- 3 |  4- 6 || total
-------------------------+-------+-------++-------
Melee: Dagger            |   111 |     7 ||   118
       Bite              |    11 |     1 ||    12
       Punch             |     1 |     1 ||     2
 Cast: Foxfire           |    22 |     5 ||    27
 Stab: Sleeping          |    10 |       ||    10
Armor: Robe              |    28 |       ||    28
Dodge: Dodged            |    62 |     4 ||    66

Table legend: (Time is in decaauts)
 A = Elapsed time spent in this place.
 B = Non-inter-level travel time spent in this place.
 C = Inter-level travel time spent in this place.
 D = Time resting spent in this place.
 E = Time spent auto-exploring this place.
 F = Levels seen in this place.
 G = Mean time per level.
                   A        B        C        D        E       F      G
               +--------+--------+--------+--------+--------+-----+--------+
         Total |   1954 |   1860 |     94 |      0 |   1494 |   3 |  651.3 |
       Dungeon |   1954 |   1860 |     94 |      0 |   1494 |   3 |  651.3 |
               +--------+--------+--------+--------+--------+-----+--------+

Top non-repeatable levels by time:
     D:2: 808 daAuts
     D:1: 778 daAuts
     D:3: 366 daAuts
